 Dungeon Crawl Stone Soup version 0.27-a0-1502-g47ed6a6988 (webtiles) character file.

Game seed: 17453468123656220477

30 bande the Covered (level 3, -17/23 HPs)
             Began as a Gargoyle Fighter on July 9, 2021.
             Demolished by an ogre (18 damage)
             ... on level 2 of the Dungeon.
             The game lasted 00:02:33 (1197 turns).

bande the Covered (Gargoyle Fighter)                Turns: 1197, Time: 00:02:34

Health: -17/23     AC: 15    Str: 19    XL:     3   Next: 20%
Magic:  3/3        EV:  7    Int:  8    God:
Gold:   34         SH:  9    Dex: 10    Spells: 2/2 levels left

rFire    . . .     SeeInvis .   a - +0 war axe
rCold    . . .     Faith    .   c - +0 kite shield
rNeg     + . .     Spirit   .   b - +0 scale mail
rPois    ∞         Reflect  .   e - +0 helmet
rElec    +         Harm     .   (no cloak)
rCorr    .         Rampage  .   (no gloves)
Will     .....                  (no boots)
Stlth    ..........             (no amulet)
HPRegen  0.07/turn              h - +4 ring of protection
MPRegen  0.08/turn              (no ring)

@: mighty
A: sickness immunity, AC +3, negative energy resistance 1, electricity
resistance, torment resistance 1, petrification resistance
a: no special abilities


You were on level 2 of the Dungeon.
You visited 1 branch of the dungeon, and saw 2 of its levels.

You collected 100 gold pieces.
You spent 66 gold pieces at shops.

Inventory:

Hand Weapons
 a - a +0 war axe (weapon)
Armour
 b - a +0 scale mail (worn)
 c - a +0 kite shield (worn)
 e - a +0 helmet (worn)
Jewellery
 h - a +4 ring of protection (left hand)
Scrolls
 g - a scroll of magic mapping
 j - 2 scrolls of holy word
Potions
 k - a potion of magic


   Skills:
 + Level 3.4 Fighting
 + Level 2.2 Axes
 + Level 3.9 Armour
 + Level 0.1 Dodging
 + Level 3.6 Shields


You had 2 spell levels left.
You didn't know any spells.
Your spell library was empty.

Dungeon Overview and Level Annotations

Branches:
Dungeon (2/15)

Altars:

Shops:
D:2 ?


Innate Abilities, Weirdness & Mutations

You are immune to sickness and miasma.
Your stone body is resilient. (AC +3)
You are immune to poison.
You resist negative energy. (rN+)
You are resistant to electric shocks. (rElec)
You are resistant to unholy torment.
You are immune to petrification.


Message History

The quokka is moderately wounded.
The quokka bites you. You block the quokka's attack.
You barely miss the quokka.
The quokka is moderately wounded.
You block the quokka's attack. x2
You barely miss the quokka.
The quokka is moderately wounded.
The quokka closely misses you.
The quokka bites you but does no damage.
You slash the quokka!
You kill the quokka!
No target in view!
No target in view!
A hobgoblin comes into view.
Found an escape hatch in the ceiling.
A hobgoblin is nearby!
The hobgoblin closely misses you.
You slash the hobgoblin!
You kill the hobgoblin!
No target in view!
No target in view!
No target in view!
No target in view!
An ogre comes into view. It is wielding a +0 giant club.
The ogre shouts!
Found a fizzy yellow potion and 7 gold pieces.
An ogre is nearby!
You feel very mighty all of a sudden. You block the ogre's attack.
You slash the ogre!
The ogre is moderately wounded.
An endoplasm comes into view.
The ogre hits you with a +0 giant club!!
Ouch! That really hurt!
* * * LOW HITPOINT WARNING * * *
Your shield prevents you from hitting the ogre.
The ogre is moderately wounded.
The ogre hits you with a +0 giant club!!
Ouch! That really hurt!
You die...

### ... .## #J#### ..
#....# # #. #....##.#
#.## #!.....$. #..##
#O....... #######..#
##@.....#.
#........###.........
#...(........####..#.
#........##### ...
#..........# .
#........#..#
#............<.
###..........####
##.....†.....##


You could see an ogre and an endoplasm.

Vanquished Creatures
  3 ball pythons
  4 endoplasms
  A giant cockroach (D:1)
  A hobgoblin (D:2)
  2 jackals (D:1)
  2 kobolds (D:1)
  3 quokkas
  3 bats (D:1)
  3 goblins
  4 rats (D:1)
26 creatures vanquished.

Notes
Turn   | Place    | Note
-------+----------+-------------------------------------------
     0 | D:1      | bande the Gargoyle Fighter began the quest for the Orb.
     0 | D:1      | Reached XP level 1. HP: 14/14 MP: 1/1
   380 | D:1      | Reached XP level 2. HP: 16/19 MP: 2/2
   791 | D:1      | Found a faded altar of an unknown god.
   912 | D:2      | Reached XP level 3. HP: 23/23 MP: 3/3
  1025 | D:2      | Found Juddof's Magic Scroll Boutique.
  1038 | D:2      | Bought a scroll of identify for 24 gold pieces
  1038 | D:2      | Bought a scroll of magic mapping for 42 gold pieces
  1191 | D:2      | Noticed an ogre
  1196 | D:2      | HP: 1/23 [ogre (22)]
  1197 | D:2      | Demolished by an ogre

Illustrated notes

Levels and vault maps discovered:
D:1:      scummos_arrival_hexagon, layout_rooms,
          hellmonk_ecumenical_altar_leap_of_faith, minmay_heptomino_h4
D:2:      layout_rooms, serial_shops, shop, basic_altar, uniq_sigmund

Skill      XL: |  1  2 |
---------------+-------+-----
Axes           | 2 |  2.2
Fighting       | |  3.4
Armour         | |  3.9
Dodging        | |  0.1
Shields        | |  3.6

Action                   || total
-------------------------++-------
Melee: War axe           ||    82
  Use: Scroll            ||     8
       Potion            ||     1
Armor: Scale mail        ||    62
Dodge: Dodged            ||    34
Block: Kite shield       ||    55

Table legend: (Time is in decaauts)
 A = Elapsed time spent in this place.
 B = Non-inter-level travel time spent in this place.
 C = Inter-level travel time spent in this place.
 D = Time resting spent in this place.
 E = Time spent auto-exploring this place.
 F = Levels seen in this place.
 G = Mean time per level.
                   A        B        C        D        E       F      G
               +--------+--------+--------+--------+--------+-----+--------+
         Total |   1248 |   1248 |      0 |    213 |    746 |   2 |  624.0 |
       Dungeon |   1248 |   1248 |      0 |    213 |    746 |   2 |  624.0 |
               +--------+--------+--------+--------+--------+-----+--------+

Top non-repeatable levels by time:
     D:1: 941 daAuts
     D:2: 306 daAuts
